 Dungeon Crawl Stone Soup version 0.27.1-33-g824d729ab1 (webtiles) character file.

Game seed: 12958115874312245251

28 raph the Firebug (level 2, -8/15 HPs)
             Began as a Deep Elf Fire Elementalist on Dec 5, 2021.
             Mangled by Crazy Yiuf (9 damage)
             ... on level 2 of the Dungeon.
             The game lasted 00:02:18 (1403 turns).

raph the Firebug (Deep Elf Fire Elementalist)       Turns: 1403, Time: 00:02:19

Health: -8/15      AC:  5    Str:  5    XL:     2   Next: 96%
Magic:  5/8        EV: 11    Int: 19    God:
Gold:   34         SH:  0    Dex: 15    Spells: 6/7 levels left

rFire    . . .     SeeInvis .   c - +0 dagger
rCold    . . .     Faith    .   (no shield)
rNeg     + . .     Spirit   .   g - +2 leather armour {rN+}
rPois    .         Reflect  .   (no helmet)
rElec    .         Harm     .   (no cloak)
rCorr    .         Rampage  .   (no gloves)
Will     .....                  (no boots)
Stlth    ++........             (no amulet)
HPRegen  0.05/turn              (no ring)
MPRegen  0.11/turn              (no ring)

@: studying Unarmed Combat
A: no striking features
a: no special abilities


You were on level 2 of the Dungeon.
You visited 1 branch of the dungeon, and saw 2 of its levels.

You collected 34 gold pieces.

Inventory:

Hand Weapons
 c - a +0 dagger (weapon)
Armour
 a - a +0 robe
 g - a +2 leather armour of positive energy (worn)
Wands
 f - a wand of flame (13)
Scrolls
 b - a scroll of fog {unknown}
 e - 2 scrolls of identify {unknown}
Potions
 d - a potion of mutation {unknown}


   Skills:
 - Level 2.4 Dodging
 - Level 2.4 Stealth
 - Level 3.0 Spellcasting
 - Level 1.1 Conjurations
 + Level 4.6 Fire Magic


You had 6 spell levels left.
You knew the following spells:

 Your Spells              Type           Power      Damage    Failure   Level
a - Foxfire               Conj/Fire      52%        2x1d6     8%          1

Your spell library contained the following spells:

 Spells                   Type           Power      Damage    Failure   Level
 Conjure Flame            Conj/Fire      13%        6-21      24%         3
 Beastly Appendage        Tmut           4%         N/A       26%         1
 Inner Flame              Hex/Fire       11%        N/A       30%         3
 Wereblood                Tmut           2%         N/A       36%         2
 Spider Form              Tmut/Pois      1%         N/A       58%         3
 Sticky Flame             Conj/Fire      13%        2d4       61%         4
 Fireball                 Conj/Fire      6%         3d5       91%         5


Dungeon Overview and Level Annotations

Branches:
Dungeon (2/15)

Altars:

Annotations:
D:2 Crazy Yiuf


Message History

You now have 34 gold pieces (gained 2).
Found 17 stones.
There is an escape hatch in the floor here.
Found a mace.
Okay, then.
Found two maces.
Found a runed translucent door.
You see here a +0 mace.
Okay, then.
Found a mace.
You see here a +0 mace.
You open the door.
Crazy Yiuf laughs, "Papa!"
Crazy Yiuf screams, "Prologue!"
You see here a +0 mace.
Casting: Foxfire (safe; 8% risk of failure)
Confirm with . or Enter, or press ? or * to list all spells.
You conjure some foxfire!
The foxfire hits Crazy Yiuf.
Crazy Yiuf is moderately wounded.
The foxfire hits Crazy Yiuf.
Crazy Yiuf is heavily wounded.
Casting: Foxfire (safe; 8% risk of failure)
Confirm with . or Enter, or press ? or * to list all spells.
You conjure some foxfire!
Crazy Yiuf hits you with a +2 quarterstaff of chaos!
Ouch! That really hurt!
* * * LOW HITPOINT WARNING * * *
Crazy Yiuf burns you.
* * * LOW HITPOINT WARNING * * *
The foxfire hits Crazy Yiuf.
Crazy Yiuf is severely wounded.
The foxfire hits Crazy Yiuf.
Crazy Yiuf is almost dead.
Casting: Foxfire (safe; 8% risk of failure)
Confirm with . or Enter, or press ? or * to list all spells.
You conjure some foxfire!
Crazy Yiuf whimpers, "Proton!"
Crazy Yiuf hits you with a +2 quarterstaff of chaos!
Ouch! That really hurt!
You die...

######..#..).#.####.#.....# #
##....(.#.# #....###....#.#
########.# ###..### #.#.## #.#
#....# #....# ♣♣♣♣♣###.#
#.##.###...... ## ♣♣♣)♣....#.#
#.##..........
.).#♣g.♣.......#####.<...........
...')♣♣♣♣......##........<.......
)..#♣♣ ♣♣.....g@................
## ♣♣##..v.v......#####...#
#.#########.......... #.#
######### # #.# .## #


You could see Crazy Yiuf (ally target).

Vanquished Creatures
  3 bats
  2 endoplasms
  2 kobolds
  2 quokkas
  5 ball pythons
  5 goblins
  6 rats
25 creatures vanquished.

Vanquished Creatures (others)
  71 foxfires
71 creatures vanquished.

Grand Total: 96 creatures vanquished

Notes
Turn   | Place    | Note
-------+----------+-------------------------------------------
     0 | D:1      | raph the Deep Elf Fire Elementalist began the quest for the
                  | Orb.
     0 | D:1      | Reached XP level 1. HP: 10/10 MP: 6/6
   375 | D:1      | Reached skill level 4 in Fire Magic
   375 | D:1      | Reached XP level 2. HP: 10/15 MP: 5/8
  1384 | D:2      | Found a runed translucent door.
  1385 | D:2      | Noticed Crazy Yiuf
  1403 | D:2      | Mangled by Crazy Yiuf

Illustrated notes

Levels and vault maps discovered:
D:1:      lightli_arrival_maybe_door_vault, layout_rooms
D:2:      layout_rooms, uniq_crazy_yiuf_cottage

Skill      XL: |  1 |
---------------+----+-----
Fire Magic     | 4 |  4.6
Dodging        | |  2.4
Stealth        | |  2.4
Spellcasting   | |  3.0
Conjurations   | |  1.1

Action                   || total
-------------------------++-------
Melee: Dagger            ||     9
 Cast: Foxfire           ||    44
Armor: Robe              ||     3
Dodge: Dodged            ||    13
